 Dungeon Crawl Stone Soup version 0.30-a0-800-g7c544603b3 (webtiles) character file.

Game seed: 18113057494257303175

414 Newt the Chucker (level 6, -5/48 HPs)
             Began as a Demonspawn Gladiator on Feb 22, 2023.
             Was an Initiate of Hepliaklqana.
             Succumbed to Edmund's poison
             ... on level 4 of the Dungeon.
             The game lasted 00:03:23 (2977 turns).

Newt the Chucker (Demonspawn Gladiator)             Turns: 2977, Time: 00:03:24

Health: -5/48      AC:  6    Str: 17    XL:     6   Next: 60%
Magic:  6/6        EV: 12    Int:  9    God:    Hepliaklqana [......]
Gold:   168        SH:  0    Dex: 14    Spells: 5/5 levels left

rFire   . . .      SeeInvis .    e - +1 whip (venom)
rCold   . . .      Faith    .    k - orb {light}
rNeg    + . .      Spirit   .    b - +0 leather armour
rPois   .          Reflect  .    c - +1 helmet
rElec   .          Harm     .    (no cloak)
rCorr   .          Rampage  .    r - +0 pair of gloves
Will    .....                    (no boots)
Stlth   +                        (no amulet)
HPRegen 0.28/turn                l - ring of positive energy
MPRegen 0.10/turn                (no ring)

@: lethally poisoned (-5 -> -32), weakened, glowing
A: hooves 2, ignite blood 2
a: Renounce Religion


You were on level 4 of the Dungeon.
You worshipped Hepliaklqana.
Hepliaklqana was noncommittal.
You visited 2 branches of the dungeon, and saw 5 of its levels.

You collected 168 gold pieces.

Inventory:

Hand Weapons
 a - a +1 rapier
 e - a +1 whip of venom (weapon)
 m - a +5 scythe of protection
Missiles
 d - 3 throwing nets
 g - 5 silver boomerangs
 h - a javelin
 i - 6 boomerangs (quivered)
 v - 7 poisoned darts
Armour
 b - a +0 leather armour (worn)
 c - a +1 helmet (worn)
 k - an orb of light (worn)
 r - a +0 pair of gloves (worn)
Jewellery
 l - a ring of positive energy (left hand)
Wands
 q - a wand of flame (25)
Scrolls
 u - a scroll of enchant weapon
Potions
 f - a potion of berserk rage
 j - a potion of curing
 n - a potion of haste {unknown}
 o - a potion of flight {unknown}
 p - a potion of cancellation {unknown}
 s - a potion of degeneration {unknown}


   Skills:
 - Level 4.0 Fighting
 - Level 2.6 Short Blades
 + Level 5.4 Throwing
 - Level 2.6 Dodging
 - Level 1.5 Stealth


You had 5 spell levels left.
You didn't know any spells.
Your spell library contained the following spells:

 Spells                   Type           Power      Damage    Failure   Level
 Magic Dart               Conj           0%         1d3       45%         1
 Searing Ray              Conj           0%         2d4       58%         2
 Ozocubu's Armour         Ice            0%         N/A       83%         3
 Fulminant Prism          Conj/Hex       0%         3d5       99%         4
 Malign Gateway           Summ/Tloc      0%         N/A       100%        7
 Ozocubu's Refrigeration  Ice            0%         4d7       100%        7
 Summon Horrible Things   Summ           0%         N/A       100%        8


Dungeon Overview and Level Annotations

Branches:
Dungeon (4/15)             Temple (1/1) D:4

Altars:
Ashenzari
Cheibriados
Dithmenos
Fedhas
Gozag
Hepliaklqana
Kikubaaqudgha
Nemelex Xobeh
Okawaru
Qazlal
Ru
Sif Muna
Trog
Vehumet

Annotations:
D:4 Edmund


Innate Abilities, Weirdness & Mutations

You have hoof-like feet.
Your demonic aura often causes spilled blood to erupt in flames.


Message History

A gnoll comes into view. It is wielding a +0 spear.
There are monsters nearby!
Found 6 gold pieces.
The gnoll shouts!
You hear a shout!
A gnoll bouda comes into view. It is wielding a +0 club.
A gnoll comes into view. It is wielding a +0 whip.
The gnoll bouda gazes fiercely through you!
You feel your attacks grow feeble.
A gnoll comes into view. It is wielding a +0 club.
The gnoll shouts!
Edmund hits you with a +0 dire flail of venom!
You are poisoned.
The gnoll hits you from afar with a +0 spear.
The gnoll bouda gazes fiercely through you!
You feel as though you will be weak longer.
You hit Edmund but do no damage.
Edmund is poisoned.
You kick Edmund.
Edmund is lightly wounded.
You feel very sick. Edmund closely misses you.
The gnoll hits you but does no damage.
You hit Edmund but do no damage.
Edmund looks as sick as possible!
You kick Edmund, but do no damage.
Edmund is lightly wounded.
You feel very sick.
Edmund hits you with a +0 dire flail of venom.
You are more poisoned.
The gnoll hits you from afar with a +0 spear.
The gnoll bouda barks out a call to the hunt!
The gnolls pick up the pace!
The gnoll hits you but does no damage.
Edmund hits you with a +0 dire flail of venom!
* * * LOW HITPOINT WARNING * * *
You are more poisoned.
Okay, then.
* * * LOW HITPOINT WARNING * * *
You feel extremely sick.
Okay, then.
As you read the scroll labelled NOMEOS NOELUYG, it crumbles to dust.
It is a scroll of identify.
j - a potion of curing You die...

........# ...
........# ...
........# ....
####..### ....
##.## #g.# #..#
#gg# ##.# ###@.#
#.## #.○g#
######..#
###@######
......†.#
###........#
........##
#...##.....#
.........###.###
.....+
..........>..#
.....#
...###########
.....# ...
.....$. ..
....... .


You could see Edmund (extremely poisoned), a gnoll bouda and 3 gnolls.

Vanquished Creatures
  Sigmund (D:3)
  A gnoll bouda (D:2)
  Ijyb (D:3)
  Terence (D:3)
  2 orc wizards
  3 adders
  A worm (D:2)
  4 dart slugs (D:2)
  9 orcs
  8 ball pythons
  10 endoplasms
  3 giant cockroaches (D:3)
  7 goblins
  8 hobgoblins
  4 jackals (D:3)
  3 quokkas
  7 bats
  5 frilled lizards
  6 kobolds
  4 rats
88 creatures vanquished.

Notes
Turn   | Place    | Note
-------+----------+-------------------------------------------
     0 | D:1      | Newt the Demonspawn Gladiator began the quest for the Orb.
     0 | D:1      | Reached XP level 1. HP: 16/16 MP: 1/1
   105 | D:1      | Reached skill level 1 in Stealth
   194 | D:1      | Discovered your monstrous ancestry.
   194 | D:1      | Gained mutation: You have large cloven feet. [demonic
                  | ancestry]
   194 | D:1      | Reached XP level 2. HP: 22/22 MP: 2/2
   268 | D:1      | Found a faded altar of an unknown god.
   754 | D:2      | Gained mutation: Your demonic aura sometimes causes spilled
                  | blood to erupt in flames. [demonic ancestry]
   754 | D:2      | Reached XP level 3. HP: 22/29 MP: 3/3
   839 | D:2      | Gained mutation: Your demonic aura often causes spilled
                  | blood to erupt in flames. [demonic ancestry]
   839 | D:2      | Reached XP level 4. HP: 37/37 MP: 4/4
   941 | D:2      | Reached skill level 2 in Throwing
  1659 | D:3      | Identified the +1 hand axe "Keunoj" {protect, rF+}
  1676 | D:3      | Noticed Terence
  1682 | D:3      | Killed Terence
  1683 | D:3      | Reached skill level 3 in Throwing
  1683 | D:3      | Gained mutation: You have hoof-like feet. [demonic
                  | ancestry]
  1683 | D:3      | Reached XP level 5. HP: 40/42 MP: 5/5
  1888 | D:3      | Noticed Ijyb
  1889 | D:3      | Noticed Sigmund
  1894 | D:3      | Killed Ijyb
  1895 | D:3      | Reached skill level 4 in Throwing
  1899 | D:3      | Killed Sigmund
  1900 | D:3      | Reached skill level 5 in Throwing
  1900 | D:3      | Reached XP level 6. HP: 33/48 MP: 6/6
  2523 | D:4      | Found a staircase to the Ecumenical Temple.
  2541 | Temple   | Entered the Ecumenical Temple
  2839 | Temple   | Became a worshipper of Hepliaklqana the Forgotten
  2970 | D:4      | Noticed Edmund
  2976 | D:4      | HP: 1/48 [poisoned by Edmund]
  2977 | D:4      | Succumbed to Edmund's poison

Illustrated notes

Levels and vault maps discovered:
D:1:      dpeg_arrival_solitude, layout_loops_ring,
          dreamdust_ecumenical_altar_statues
D:2:      layout_basic, dk_vineyard_1, minivault_14, minmay_divided_ellipse
D:3:      layout_basic, uniq_ijyb, uniq_sigmund, uniq_terence
D:4:      layout_basic, minmay_temple_entry_mist, uniq_edmund
Temple:   minmay_temple_bridge_d

Skill      XL: |  1  2  3  4  5 |
---------------+----------------+-----
Stealth        | 1 |  1.5
Fighting       | 3 4 |  4.0
Throwing       | 3 5 |  5.4
Short Blades   | |  2.6
Dodging        | |  2.6

Action                     |  1- 3 |  4- 6 || total
---------------------------+-------+-------++-------
  Melee: Rapier            |    57 |     2 ||    59
         Kick              |     9 |    43 ||    52
         Whip              |       |   104 ||   104
  Throw: Boomerang         |     4 |       ||     4
         Throwing net      |     2 |       ||     2
         Javelin           |     1 |       ||     1
    Use: Scroll            |     3 |     6 ||     9
   Stab: Sleeping          |     2 |       ||     2
         Held in net/web   |     1 |       ||     1
 Armour: Leather armour    |    13 |    43 ||    56
  Dodge: Dodged            |    36 |    49 ||    85

Table legend: (Time is in decaauts)
 A = Elapsed time spent in this place.
 B = Non-inter-level travel time spent in this place.
 C = Inter-level travel time spent in this place.
 D = Time resting spent in this place.
 E = Time spent auto-exploring this place.
 F = Levels seen in this place.
 G = Mean time per level.
                   A        B        C        D        E       F      G
               +--------+--------+--------+--------+--------+-----+--------+
         Total |   2995 |   2675 |    320 |      3 |   2162 |   5 |  599.0 |
       Dungeon |   2623 |   2452 |    171 |      3 |   1950 |   4 |  655.8 |
        Temple |    371 |    223 |    148 |      0 |    212 |   1 |  371.0 |
               +--------+--------+--------+--------+--------+-----+--------+

Top non-repeatable levels by time:
     D:2: 932 daAuts
     D:3: 861 daAuts
     D:1: 719 daAuts
  Temple: 371 daAuts
     D:4: 109 daAuts
